 Dungeon Crawl Stone Soup version 0.21.0-8-gf18e19db4a (webtiles) character file.

5051 MalkierKing the Cleaver (level 10, -1/91 HPs)
             Began as a Minotaur Berserker on Jan 18, 2018.
             Was a High Priest of Trog.
             Slain by a two-headed ogre
             ... wielding a +0 giant spiked club
              (16 damage)
             ... on level 9 of the Dungeon.
             The game lasted 00:33:01 (6740 turns).

MalkierKing the Cleaver (Minotaur Berserker)        Turns: 6740, Time: 00:33:02

Health: -1/91      AC: 19    Str: 26    XL:     10   Next: 31%
Magic:  18/18      EV:  9    Int:  2    God:    Trog [*****.]
Gold:   442        SH:  0    Dex:  9    Spells: 9/9 levels left

rFire    . . .     SeeInvis .   a - +0 battleaxe
rCold    . . .     Gourm    +   (shield currently unavailable)
rNeg     . . .     Faith    .   P - +0 plate armour
rPois    .         Spirit   .   (helmet restricted)
rElec    .         Reflect  .   (no cloak)
rCorr    .         Harm     .   J - +0 pair of gloves
MR       .....                  I - +0 pair of boots
Stlth    ..........             l - amulet of the gourmand
HPRegen  0.25/turn              k - +3 ring of protection
MPRegen  0.16/turn              B - ring of magical power

@: confused
A: retaliatory headbutt, beak, horns 2, dopey 1
a: Berserk, Trog's Hand, Brothers in Arms, Burn Spellbooks, Renounce Religion


You were on level 9 of the Dungeon.
You worshipped Trog.
Trog was extremely pleased with you.
You were very full.

You visited 1 branch of the dungeon, and saw 9 of its levels.
You also visited: Ossuary.

You collected 442 gold pieces.

Inventory:

Hand Weapons
 a - a +0 battleaxe (weapon)
 b - a +1 morningstar of protection
 Q - a +0 war axe
Missiles
 j - 63 bolts
Armour
 I - a +0 pair of boots (worn)
 J - a +0 pair of gloves (worn)
 K - a +0 chain mail
 P - a +0 plate armour (worn)
Jewellery
 k - a +3 ring of protection (left hand)
 l - an amulet of the gourmand (around neck)
 B - a ring of magical power (right hand)
Wands
 y - a wand of flame (68)
 A - a wand of paralysis (5)
 M - a wand of polymorph (15)
 N - a wand of digging (17)
 O - a wand of acid (8)
Scrolls
 g - a scroll of enchant weapon {unknown}
 m - 2 scrolls of fear {unknown}
 n - 3 scrolls of remove curse
 o - 4 scrolls of teleportation
 p - a scroll of blinking {unknown}
 q - 2 scrolls of amnesia {unknown}
 u - a scroll of identify
 w - a scroll of magic mapping {unknown}
 C - 2 scrolls of noise {unknown}
 E - a scroll of holy word {unknown}
 F - a scroll of acquirement {unknown}
 G - 2 scrolls of immolation {unknown}
Potions
 d - a potion of might {unknown}
 e - 3 potions of agility
 f - 3 potions of curing
 h - 4 potions of flight
 i - 2 potions of heal wounds {unknown}
 r - a potion of berserk rage {unknown}
 s - 3 potions of brilliance
 t - 2 potions of magic {unknown}
 v - 2 potions of haste {unknown}
 x - a potion of cancellation {unknown}
 z - 3 potions of ambrosia
 D - a potion of mutation
 H - a potion of lignification {unknown}
 L - a potion of resistance {unknown}
Comestibles
 c - 16 rations
 R - 3 chunks of flesh


   Skills:
 + Level 9.5 Fighting
 + Level 12.3 Axes
 + Level 9.1 Armour
 + Level 5.5 Dodging
 - Level 0.7 Stealth


You had 9 spell levels left.
You didn't know any spells.

Dungeon Overview and Level Annotations

Branches:
Dungeon (9/15)             Temple (0/1) D:5
   Lair: D:8-11         Orc: D:9-12

Altars:
Ashenzari
Gozag
Kikubaaqudgha
Nemelex Xobeh
Okawaru
Ru
Sif Muna
Trog
Uskayaw
Vehumet
Wu Jian
Xom
Yredelemnul
Zin
The Shining One
Beogh


Innate Abilities, Weirdness & Mutations

You reflexively headbutt those who attack you in melee.
You have a pair of horns on your head.
You have a beak for a mouth.
You are dopey. (Int -2)


Message History

You bump into the rock wall.
The orc wizard casts a spell at you. The magic dart hits you!
The orc priest calls down the wrath of Beogh upon you.
Pain shoots through your body!
* * * LOW HITPOINT WARNING * * *
Something hits you but does no damage. The two-headed ogre barely misses you.
The two-headed ogre hits you with a giant spiked club!
* * * LOW HITPOINT WARNING * * *
It was a potion of mutation.
You feel extremely strange.
You feel stupid.
Your mouth lengthens and hardens into a beak!
The orc wizard hits you but does no damage.
The orc priest hits you but does no damage.
Something hits you but does no damage.
You bump into the rock wall.
You feel less invigorated.
The orc wizard points at you and mumbles some strange words.
The puff of flame hits you! The orc priest closely misses you.
The two-headed ogre hits you with a giant spiked club!
You die...

#.... ............
#...######..........
#...#....#..........
#...#.<..#..(.......
######.รท.'....(...(......
.........######..........
######.........h.........
#........{Oo.......#
#.########@oo......# #.#
#######...# #.# ...# #.#
..# ######.# # #......#
#......#
#......######+####
#................#


You could see a two-headed ogre, a hound, an orc priest, an orc wizard and an
orc.

Vanquished Creatures
  A two-headed ogre (D:8)
  The ghost of Somebody the Fighter, a novice NaBe of Trog (D:6)
  A hippogriff (D:8)
  Sigmund (D:3)
  Menkaure (Ossuary)
  Edmund (D:6)
  An ice beast (D:5)
  3 orc warriors
  2 sky beasts
  A black bear (D:7)
  6 centaurs
  3 ogres
  4 bullfrogs
  Blork the orc (D:6)
  2 scorpions (D:7)
  A water moccasin skeleton (D:4)
  3 wights
  4 howler monkeys
  A bullfrog zombie (D:5)
  3 hounds
  A centaur skeleton (D:7)
  A jelly (D:8)
  6 orc priests
  Ijyb (D:4)
  A bullfrog skeleton (D:4)
  An iguana (D:5)
  8 orc wizards
  Natasha (thrice) (D:3)
  7 worker ants
  A hound zombie (D:6)
  3 mummies
  Robin (D:2)
  A worker ant zombie (D:3)
  7 gnolls
  5 adders
  2 shadow imps
  An ooze (D:5)
  2 adder skeletons
  6 worms
  A dart slug (D:2)
  7 leopard geckos
  34 orcs
  6 giant cockroaches
  5 gnoll zombies (Ossuary)
  12 goblins
  4 hobgoblins
  2 jackals (D:4)
  2 quokkas
  4 bats
  2 frilled lizards
  2 gnoll skeletons (Ossuary)
  2 goblin skeletons (Ossuary)
  A hobgoblin skeleton (Ossuary)
  A hobgoblin zombie (Ossuary)
  A jackal skeleton (D:4)
  6 kobolds
  4 kobold skeletons (Ossuary)
  2 kobold zombies (Ossuary)
  4 orc zombies (Ossuary)
  A quokka zombie (D:5)
  5 rats
  A rat zombie (Ossuary)
208 creatures vanquished.

Vanquished Creatures (others)
  A mummy (Ossuary)
  2 gnoll zombies (Ossuary)
  7 goblin skeletons (Ossuary)
  A goblin zombie (Ossuary)
  2 hobgoblin skeletons (Ossuary)
  2 hobgoblin zombies (Ossuary)
  A kobold skeleton (Ossuary)
  2 kobold zombies (Ossuary)
  3 orc skeletons (Ossuary)
  2 orc zombies (Ossuary)
  3 rat skeletons (Ossuary)
  3 rat zombies (Ossuary)
29 creatures vanquished.

Grand Total: 237 creatures vanquished

Notes
Turn   | Place    | Note
-------+----------+-------------------------------------------
     0 | D:1      | MalkierKing the Minotaur Berserker began the quest for the Orb.
     0 | D:1      | Reached XP level 1. HP: 19/19 MP: 0/0
   120 | D:1      | Reached XP level 2. HP: 22/27 MP: 1/1
   459 | D:2      | Reached skill level 4 in Axes
   461 | D:2      | Reached XP level 3. HP: 26/34 MP: 2/2
   498 | D:2      | Noticed a dagger
   499 | D:2      | Noticed a dagger
   504 | D:2      | Found a hide-covered altar of Uskayaw.
   510 | D:2      | Found an ornate altar of the Wu Jian Council.
   598 | D:2      | Noticed Robin
   604 | D:2      | Reached ** piety under Trog
   607 | D:2      | Killed Robin
   798 | D:2      | Reached XP level 4. HP: 41/41 MP: 3/3
  1008 | D:2      | Reached skill level 5 in Fighting
  1428 | D:3      | Found an iron altar of Okawaru.
  1545 | D:3      | Noticed Natasha
  1554 | D:3      | Killed Natasha
  1554 | D:3      | Reached XP level 5. HP: 38/48 MP: 4/4
  1569 | D:3      | Noticed Sigmund
  1573 | D:3      | Noticed Natasha
  1580 | D:3      | Killed Sigmund
  1580 | D:3      | Reached skill level 5 in Axes
  1580 | D:3      | Reached XP level 6. HP: 57/57 MP: 5/5
  1588 | D:3      | Killed Natasha
  1637 | D:3      | Reached *** piety under Trog
  1702 | D:3      | Noticed Natasha
  1709 | D:3      | Killed Natasha
  1933 | D:4      | Reached XP level 7. HP: 52/63 MP: 6/6
  1987 | D:4      | Reached skill level 5 in Armour
  2100 | D:4      | Noticed Ijyb
  2100 | D:4      | Found an opulent altar of Gozag.
  2106 | D:4      | Paralysed by Ijyb for 4 turns
  2111 | D:4      | Killed Ijyb
  2120 | D:4      | Found a shimmering altar of Xom.
  2168 | D:4      | Found Gef Xoth's Distillery.
  2289 | D:4      | Reached skill level 6 in Axes
  2321 | D:4      | Found a shattered altar of Ashenzari.
  2526 | D:5      | Entered Level 5 of the Dungeon
  2654 | D:5      | Found a staircase to the Ecumenical Temple.
  2658 | D:5      | Reached XP level 8. HP: 58/71 MP: 7/7
  2661 | D:5      | Reached **** piety under Trog
  2682 | D:5      | Reached skill level 7 in Axes
  2719 | D:5      | Found a sand-covered staircase.
  2725 | Ossuary  | Entered an ossuary
  2976 | Ossuary  | Noticed Menkaure
  2983 | Ossuary  | Killed Menkaure
  2983 | Ossuary  | Reached skill level 8 in Axes
  2983 | Ossuary  | Reached skill level 5 in Dodging
  3222 | D:5      | Found a deep blue altar of Sif Muna.
  3479 | D:5      | Found a basalt altar of Yredelemnul.
  3652 | D:5      | Found a sparkling altar of Nemelex Xobeh.
  3726 | D:6      | Noticed Somebody's ghost (novice NaBe)
  3740 | D:6      | Killed Somebody's ghost
  3740 | D:6      | Reached skill level 9 in Axes
  3740 | D:6      | Reached XP level 9. HP: 73/81 MP: 8/8
  3859 | D:6      | Reached skill level 10 in Axes
  3876 | D:6      | Noticed Blork the orc
  3883 | D:6      | Killed Blork the orc
  3898 | D:6      | Found a bloodstained altar of Trog.
  4170 | D:6      | Noticed Edmund
  4174 | D:6      | Killed Edmund
  4323 | D:6      | Found an ancient bone altar of Kikubaaqudgha.
  4567 | D:6      | Found a radiant altar of Vehumet.
  4621 | D:7      | Found a runed door.
  4634 | D:7      | Reached ***** piety under Trog
  4714 | D:7      | Found a roughly hewn altar of Beogh.
  4866 | D:7      | Reached skill level 11 in Axes
  5279 | D:8      | Found a glowing silver altar of Zin.
  5406 | D:8      | Received a gift from Trog
  5472 | D:8      | Reached XP level 10. HP: 58/91 MP: 9/9
  5495 | D:8      | Reached skill level 12 in Axes
  5503 | D:8      | Found a glowing golden altar of the Shining One.
  5857 | D:8      | Found a sacrificial altar of Ru.
  6178 | D:8      | Noticed a two-headed ogre
  6188 | D:8      | Killed a two-headed ogre
  6717 | D:9      | Noticed a two-headed ogre
  6739 | D:9      | Gained mutation: You are dopey. (Int -2) [potion of mutation]
  6739 | D:9      | Gained mutation: You have a beak for a mouth. [potion of mutation]
  6740 | D:9      | Slain by a two-headed ogre

Skill      XL: |  1  2  3  4  5  6  7  8  9 10 |
---------------+-------------------------------+-----
Fighting       | 4 5 6 7 9 |  9.5
Axes           | 4 5 6 9 11 12 | 12.3
Dodging        | 3 4 5 |  5.5
Armour         | 3 4 5 6 8 9 |  9.1
Stealth        | |  0.7

Action                   |  1- 3 |  4- 6 |  7- 9 | 10-12 || total
-------------------------+-------+-------+-------+-------++-------
Melee: Mace              |    39 |    78 |       |       ||   117
       Headbutt          |     9 |    24 |    64 |     6 ||   103
       War axe           |       |     7 |   284 |    16 ||   307
       Morningstar       |       |     3 |       |       ||     3
       Battleaxe         |       |       |       |    21 ||    21
Invok: Berserk           |       |     1 |     1 |       ||     2
       Burn Spellbooks   |       |       |     1 |       ||     1
  Use: Scroll            |       |     4 |     4 |     1 ||     9
       Potion            |       |       |       |     2 ||     2
  Eat: Chunk             |    12 |     9 |    13 |     3 ||    37
Armor: Animal skin       |     7 |       |       |       ||     7
       Scale mail        |    20 |    12 |       |       ||    32
       Chain mail        |       |    40 |   171 |    19 ||   230
       Plate armour      |       |       |       |    38 ||    38
Dodge: Dodged            |    29 |    50 |   165 |    34 ||   278
